 Dungeon Crawl Stone Soup version 0.27.1-33-g824d729ab1 (webtiles) character file.

Game seed: 10310363525184667703

18 sking99 the Skirmisher (level 2, -2/28 HPs)
             Began as a Naga Abyssal Knight on Dec 8, 2021.
             Was a Follower of Lugonu.
             Slain by an adder (3 damage)
             ... on level 2 of the Dungeon.
             The game lasted 00:03:02 (1395 turns).

sking99 the Skirmisher (Naga Abyssal Knight)        Turns: 1395, Time: 00:03:02

Health: -2/28      AC:  2    Str: 14    XL:     2   Next: 70%
Magic:  3/3        EV:  9    Int: 12    God:    Lugonu [*.....]
Gold:   51         SH:  0    Dex: 10    Spells: 1/1 levels left

rFire    . . .     SeeInvis +   a - +1 spear
rCold    . . .     Faith    .   (no shield)
rNeg     . . .     Spirit   .   b - +0 leather armour
rPois    +         Reflect  .   (no helmet)
rElec    .         Harm     .   (no cloak)
rCorr    .         Rampage  .   (no gloves)
Will     .....                  (no barding)
Stlth    +.........             (no amulet)
HPRegen  0.09/turn              (no ring)
MPRegen  0.08/turn              (no ring)

@: mighty, lethally poisoned (-2 -> -5), short of breath, very slow
A: AC +0, large, see invisible, deformed body, poison resistance, slowness 2,
spit poison 1, naga tail 1
a: Spit Poison, Renounce Religion, Depart the Abyss


You were on level 2 of the Dungeon.
You worshipped Lugonu.
Lugonu was aware of your devotion.
You visited 1 branch of the dungeon, and saw 2 of its levels.
You visited the Abyss 1 time.

You collected 51 gold pieces.

Inventory:

Hand Weapons
 a - a +1 spear (weapon)
Armour
 b - a +0 leather armour (worn)
Scrolls
 c - 2 scrolls of teleportation {unknown}
 e - a scroll of magic mapping {unknown}
 f - a scroll of summoning {unknown}
Potions
 d - a potion of mutation {unknown}
 h - a potion of lignification {unknown}


   Skills:
 + Level 3.1 Fighting
 * Level 2.5 Polearms
 + Level 1.8 Armour
 - Level 0.7 Dodging
 + Level 2.3 Invocations


You had one spell level left.
You didn't know any spells.
Your spell library contained the following spells:

 Spells                   Type           Power      Damage    Failure   Level
 Slow                     Hex            0%         N/A       52%         2
 Confusing Touch          Hex            0%         N/A       77%         3
 Vampiric Draining        Necr           0%         2d6       77%         3


Dungeon Overview and Level Annotations

Branches:
Dungeon (2/15)

Altars:


Innate Abilities, Weirdness & Mutations

Your serpentine skin is tough. (AC +0)
You have supernaturally acute eyesight. (SInv)
Armour fits poorly on your strangely shaped body.
Your system is resistant to poisons. (rPois)
You cover ground very slowly.
You can spit poison.
You have a snake-like lower body.


Message History

The adder barely misses you. The adder bites you.
You hit the adder but do no damage.
The adder is severely wounded.
The adder bites you.
You hit the adder.
The adder is almost dead.
The adder bites you.
You barely miss the adder.
The adder is almost dead.
The adder bites you but does no damage.
You barely miss the adder.
The adder is almost dead.
You have got your breath back.
The adder bites you.
You are too injured to fight recklessly!
You are too injured to fight recklessly!
You closely miss the adder.
The adder is almost dead.
The adder bites you. x2
You hit the adder.
The adder is almost dead.
The adder closely misses you.
You closely miss the adder.
The adder is almost dead.
The adder bites you.
* * * LOW HITPOINT WARNING * * *
You are poisoned.
The adder poisons you!
Press: ? - help, Shift-Dir - straight line, f/p - adder
Aim: an adder (almost dead)
The splash of poison misses the adder.
* * * LOW HITPOINT WARNING * * *
You feel sick. The adder bites you.
* * * LOW HITPOINT WARNING * * *
The adder closely misses you.
It was a potion of might.
You feel very mighty all of a sudden.
* * * LOW HITPOINT WARNING * * *
You feel sick. The adder bites you.
You die...

### #.. ##.# ..
.#####..#####.. ...
.........[!.!......
.......@......#..
.$......S...#..^
............#S#
..............#.#
...........<....#
.<..............#
....#...........#
....#..............
#...........###


You could see an adder.

Vanquished Creatures
  A ball python (D:1)
  4 endoplasms (D:1)
  A hobgoblin (D:1)
  3 jackals (D:1)
  2 bats (D:1)
  A frilled lizard (D:2)
  A goblin (D:1)
  2 kobolds (D:1)
  3 rats (D:1)
18 creatures vanquished.

Notes
Turn   | Place    | Note
-------+----------+-------------------------------------------
     0 | Abyss:1  | sking99 the Naga Abyssal Knight began the quest for the
                  | Orb.
     0 | Abyss:1  | Reached XP level 1. HP: 21/21 MP: 2/2
    14 | D:1      | Escaped the Abyss
   312 | D:1      | Reached XP level 2. HP: 24/28 MP: 3/3
  1395 | D:2      | HP: 1/28 [poisoned by an adder]
  1395 | D:2      | Slain by an adder

Illustrated notes

Levels and vault maps discovered:
D:1:      matt_arrival_diagonals, layout_basic, grunt_decor_one_mirror,
          minmay_pentomino_x2
D:2:      layout_rooms, basic_altar, shapermc_ecumenical_altar_ellora

Action                   || total
-------------------------++-------
Melee: Spear             ||    60
 Abil: Spit Poison       ||    13
  Use: Potion            ||     1
Armor: Leather armour    ||     6
Dodge: Dodged            ||    23
